 Dungeon Crawl Stone Soup version 0.23.2-33-g5129a83184 (webtiles) character file.

Game seed: 6677613248848288680

2116 Folque the Geomancer (level 9, 0/67 HPs)
             Began as a Red Draconian Earth Elementalist on July 3, 2019.
             Slain by a hornet (9 damage)
             ... on level 8 of the Dungeon.
             The game lasted 00:19:12 (4956 turns).

Folque the Geomancer (DrEE)                         Turns: 4956, Time: 00:19:13

Health: 0/67       AC:  9    Str: 16    XL:     9   Next: 8%
Magic:  19/19      EV: 12    Int: 19    God:
Gold:   243        SH:  0    Dex: 11    Spells: 2/21 levels left

rFire    + + .     SeeInvis .   p - +2 dagger (protect)
rCold    . . .     Gourm    .   (no shield)
rNeg     . . .     Faith    .   (armour unavailable)
rPois    .         Spirit   .   (helmet restricted)
rElec    .         Reflect  .   (no cloak)
rCorr    .         Harm     .   l - +0 pair of gloves
MR       .....                  h - +0 pair of boots
Stlth    ++........             z - amulet of regeneration
HPRegen  0.61/turn              y - ring of protection from fire
MPRegen  0.16/turn              u - ring of wizardry

@: mighty, short of breath, slowed, very slow
A: breathe fire, unfitting armour, fire resistance 1, cold-blooded, AC +7
a: Breathe Fire


You were on level 8 of the Dungeon.
You were hungry.

You visited 1 branch of the dungeon, and saw 6 of its levels.

You collected 243 gold pieces.

Inventory:

Hand Weapons
 a - a +0 short sword
 k - a +0 dagger of draining
 p - a +2 dagger of protection (weapon)
Missiles
 b - 118 stones (quivered)
Armour
 h - a +0 pair of boots (worn)
 l - a +0 pair of gloves (worn)
Jewellery
 d - an uncursed ring of positive energy
 u - a ring of wizardry (right hand)
 y - a ring of protection from fire (left hand)
 z - an amulet of regeneration (around neck)
Wands
 m - a wand of clouds (3)
Scrolls
 g - a scroll of random uselessness {unknown}
 i - 4 scrolls of remove curse
 j - 4 scrolls of identify
 n - 3 scrolls of teleportation {unknown}
 s - a scroll of blinking
 w - a scroll of fear {unknown}
 x - a scroll of enchant weapon {unknown}
Potions
 f - a potion of heal wounds
 o - a potion of curing
 q - a potion of ambrosia {unknown}
 t - 2 potions of might
 v - a potion of mutation {unknown}
 A - a potion of brilliance {unknown}
Comestibles
 c - 7 rations


   Skills:
 - Level 2.0 Fighting
 - Level 1.7 Dodging
 * Level 2.5 Stealth
 + Level 6.8 Spellcasting
 - Level 2.3 Conjurations
 + Level 0.8 Hexes
 - Level 1.0 Transmutations
 - Level 5.0 Fire Magic
 - Level 8.0 Earth Magic


You had 2 spell levels left.
You knew the following spells:

 Your Spells              Type           Power        Failure   Level  Hunger
a - Sandblast             Erth           #####.       1%          1    None
b - Passwall              Tmut/Erth      ###.....     1%          2    None
c - Stone Arrow           Conj/Erth      ####..       1%          3    ##.....
d - Lee's Rapid Deconstr  Erth           #####.....   4%          5    #####..
e - Flame Tongue          Conj/Fire      ###..        1%          1    None
f - Petrify               Tmut/Erth      ###.....     6%          4    ####...
g - Inner Flame           Hex/Fire       ###.....     3%          3    ##.....

Your spell library contained the following spells:

 Spells                   Type           Power        Failure   Level  Hunger
 Magic Dart               Conj           ###.         1%          1    None
 Throw Flame              Conj/Fire      ###...       1%          2    None
 Shock                    Conj/Air       ##..         2%          1    None
 Searing Ray              Conj           ###...       2%          2    None
 Swiftness                Chrm/Air       #.......     6%          2    None
 Conjure Flame            Conj/Fire      ###.....     2%          3    ##.....
 Dazzling Spray           Conj/Hex       ##....       6%          3    ##.....
 Static Discharge         Conj/Air       ##......     8%          3    ##.....
 Sticky Flame             Conj/Fire      ###.....     9%          4    ####...
 Iskenderun's Mystic Bla  Conj           ###.....     16%         4    ####...
 Fulminant Prism          Conj/Hex       ##........   21%         4    ####...
 Fireball                 Conj/Fire      ###.......   24%         5    #####..
 Force Lance              Conj/Tloc      ##......     26%         4    ####...
 Airstrike                Air            #.........   38%         4    ####...
 Lightning Bolt           Conj/Air       ##........   54%         5    #####..


Dungeon Overview and Level Annotations

Branches:
Dungeon (5/15)               Lair (0/6) D:8
 Temple: D:4-7

Altars:
Fedhas

Annotations:
D:3 3 runed translucent doors, colophon's ghost, amateur KoEn
D:5 3 runed translucent doors, psyvane's ghost, novice MfTm


Innate Abilities, Weirdness & Mutations

You can breathe blasts of fire.
Your fiery red scales are hard. (AC +7)
You cannot fit into any form of body armour.
Your flesh is heat resistant. (rF+)
You are cold-blooded and may be slowed by cold attacks.


Message History

You are more poisoned.
You feel as though you will be slow longer.
It was a potion of heal wounds.
You feel much better.
You feel very sick. The hornet stings you!
* * * LOW HITPOINT WARNING * * *
You feel as though you will be slow longer.
The hornet stings you!
* * * LOW HITPOINT WARNING * * *
You feel as though you will be slow longer.
It was a potion of magic.
Magic courses through your body.
* * * LOW HITPOINT WARNING * * *
You feel very sick. The hornet completely misses you.
The hornet barely misses you. x2
All of the chunks of flesh in your inventory have rotted away.
It was a potion of curing.
You feel better. The hornet stings you!
* * * LOW HITPOINT WARNING * * *
You feel as though you will be slow longer.
The hornet stings you!
You die...

#.#....###.........#
#........'.........'
#......###.........#
###..### ##....)..##
#### #.## ##.....##
#..###### ##...##
#..##○#.## ##'##
#....#y#.# #.# #..##.#@#
#.# #).#.#.#.# ##.#####
#.######## #####.......
#.###.##.# #.†......##.
#.##a#)#.# #.###..÷....
#...###).####.###....##.
##.## ##)............##.
##.###.#####.###...###.
##.#.## #.# #.......


You could see a hornet.

Vanquished Creatures
  A hornet (D:8)
  A soldier ant (D:8)
  A black bear (D:8)
  An ice beast (D:8)
  2 phantoms
  2 ogres (D:4)
  2 bullfrogs (D:8)
  A scorpion (D:8)
  6 killer bees (D:8)
  A jelly (D:8)
  3 howler monkeys
  2 crimson imps (D:5)
  A bullfrog skeleton (D:4)
  4 orc priests
  2 hounds
  2 orc wizards
  A quasit (D:8)
  A centaur skeleton (D:4)
  2 worker ants (D:8)
  A gnoll (D:1)
  13 adders
  An adder skeleton (D:4)
  2 worms
  A dart slug (D:1)
  7 leopard geckos
  21 orcs
  4 giant cockroaches
  7 goblins
  11 hobgoblins
  7 jackals
  3 quokkas
  4 ball pythons
  7 bats
  6 frilled lizards
  7 kobolds
  A quokka skeleton (D:4)
  7 rats
146 creatures vanquished.

Vanquished Creatures (others)
  4 fungi
  4 plants
8 creatures vanquished.

Grand Total: 154 creatures vanquished

Notes
Turn   | Place    | Note
-------+----------+-------------------------------------------
     0 | D:1      | Folque the Draconian Earth Elementalist began the quest for
                  | the Orb.
     0 | D:1      | Reached XP level 1. HP: 14/14 MP: 3/3
   138 | D:1      | Reached skill level 1 in Fighting
   151 | D:1      | Reached XP level 2. HP: 15/23 MP: 3/5
   173 | D:1      | Learned a level 2 spell: Passwall
   667 | D:1      | Reached XP level 3. HP: 14/29 MP: 6/6
   672 | D:1      | Learned a level 3 spell: Stone Arrow
  1243 | D:2      | Found a blossoming altar of Fedhas.
  1345 | D:2      | Reached XP level 4. HP: 30/36 MP: 3/8
  1463 | D:2      | Reached skill level 1 in Conjurations
  1696 | D:3      | Reached XP level 5. HP: 41/41 MP: 4/10
  1797 | D:3      | Found a runed translucent gate.
  1797 | D:3      | Found a runed translucent gate.
  1797 | D:3      | Found a runed translucent gate.
  1798 | D:3      | Identified the +8 dagger of Qynkelis {drain, +Fly Str+3}
  1800 | D:3      | Noticed colophon's ghost (amateur KoEn)
  2018 | D:3      | Learned a level 5 spell: Lee's Rapid Deconstruction
  2169 | D:3      | Reached skill level 4 in Earth Magic
  2538 | D:4      | Noticed a phantom
  2648 | D:4      | Killed a phantom
  2648 | D:4      | Reached XP level 6. HP: 40/48 MP: 0/12
  2651 | D:4      | Learned a level 1 spell: Flame Tongue
  3325 | D:4      | Reached skill level 5 in Spellcasting
  3334 | D:4      | Your scales start taking on a fiery red colour.
  3334 | D:4      | Reached XP level 7. HP: 49/55 MP: 0/14
  3334 | D:4      | Gained mutation: Your flesh is heat resistant. (rF+) [Red
                  | Draconian growth]
  3343 | D:4      | Learned a level 4 spell: Petrify
  3406 | D:4      | Reached skill level 1 in Fire Magic
  3406 | D:4      | Reached skill level 5 in Earth Magic
  3466 | D:5      | Entered Level 5 of the Dungeon
  3564 | D:5      | Found a runed translucent gate.
  3565 | D:5      | Found a runed translucent gate.
  3565 | D:5      | Noticed psyvane's ghost (novice MfTm)
  3566 | D:5      | Found a runed translucent gate.
  3882 | D:5      | You fall through a shaft for 3 floors!
  3894 | D:8      | Reached skill level 6 in Earth Magic
  3945 | D:8      | Reached XP level 8. HP: 61/61 MP: 6/16
  4076 | D:8      | Found a staircase to the Lair.
  4270 | D:8      | Reached skill level 7 in Earth Magic
  4520 | D:8      | Learned a level 3 spell: Inner Flame
  4794 | D:8      | Reached skill level 5 in Fire Magic
  4794 | D:8      | Reached skill level 8 in Earth Magic
  4917 | D:8      | Noticed a hornet
  4933 | D:8      | Killed a hornet
  4933 | D:8      | Reached XP level 9. HP: 60/67 MP: 1/19
  4956 | D:8      | Slain by a hornet

Skill      XL: |  1  2  3  4  5  6  7  8 |
---------------+-------------------------+-----
Fighting       | 1 2 |  2.0
Conjurations   | 1 2 |  2.3
Spellcasting   | 3 4 5 6 |  6.8
Earth Magic    | 4 6 8 |  8.0
Fire Magic     | 2 5 |  5.0
Stealth        | 2 |  2.5
Dodging        | |  1.7
Hexes          | |  0.8
Transmutations | |  1.0

Action                   |  1- 3 |  4- 6 |  7- 9 || total
-------------------------+-------+-------+-------++-------
Melee: Short sword       |   128 |       |       ||   128
       Tailslap          |    16 |    19 |     8 ||    43
       Unarmed           |     3 |       |       ||     3
       Dagger            |    24 |   226 |    90 ||   340
 Cast: Sandblast         |    10 |    30 |    32 ||    72
       Stone Arrow       |     3 |    17 |    25 ||    45
       Flame Tongue      |       |     5 |     6 ||    11
       Lee's Rapid Decon |       |       |     9 ||     9
       Petrify           |       |       |     8 ||     8
       Passwall          |       |       |     1 ||     1
 Abil: Breathe Fire      |       |       |     3 ||     3
Evoke: Wand              |       |       |     1 ||     1
  Use: Scroll            |     2 |     1 |     1 ||     4
       Potion            |       |       |     4 ||     4
 Stab: Sleeping          |     4 |     3 |     1 ||     8
       Petrified         |       |       |    19 ||    19
  Eat: Chunk             |     2 |     8 |    11 ||    21
Armor: Skin              |    37 |   103 |    46 ||   186
Dodge: Dodged            |    96 |   155 |    76 ||   327
